 Dungeon Crawl Stone Soup version 0.30-a0-368-g86fb4627a9 (webtiles) character file.

Game seed: 4674786953967353879

42 KarmaKiller the Shield-Bearer (level 3, 0/23 HPs)
             Began as a Gargoyle Fighter on Nov 18, 2022.
             Slain by an adder (1 damage)
             ... on level 2 of the Dungeon.
             The game lasted 00:07:39 (1740 turns).

KarmaKiller the Shield-Bearer (Gargoyle Fighter)    Turns: 1740, Time: 00:07:39

Health: 0/23       AC: 10    Str: 21    XL:     3   Next: 56%
Magic:  3/3        EV:  9    Int:  8    God:
Gold:   61         SH:  4    Dex:  9    Spells: 2/2 levels left

rFire   . . .      SeeInvis .    m - +0 spear
rCold   . . .      Faith    .    b - +0 buckler
rNeg    + . .      Spirit   .    a - +0 scale mail
rPois   ∞          Reflect  .    (no helmet)
rElec   +          Harm     .    (no cloak)
rCorr   .          Rampage  .    (no gloves)
Will    .....                    (no boots)
Stlth   ..........               (no amulet)
HPRegen 0.23/turn                (no ring)
MPRegen 0.08/turn                (no ring)

@: mighty
A: sickness immunity, AC +3, negative energy resistance 1, electricity
resistance, torment resistance 1, petrification resistance
a: no special abilities


You were on level 2 of the Dungeon.
You visited 1 branch of the dungeon, and saw 2 of its levels.

You collected 111 gold pieces.
You spent 50 gold pieces at shops.

Inventory:

Hand Weapons
 m - a +0 spear (weapon)
Armour
 a - a +0 scale mail (worn)
 b - a +0 buckler (worn)
Scrolls
 d - 3 scrolls of identify
 e - a scroll of enchant weapon {unknown}
 i - 2 scrolls of immolation {unknown}
 j - a scroll of magic mapping {unknown}
 l - a scroll of teleportation
Potions
 f - a potion of magic {unknown}
 g - a potion of berserk rage {unknown}
 h - a potion of flight {unknown}
 k - a potion of resistance {unknown}
 n - a potion of brilliance {unknown}
 o - a potion of lignification {unknown}
 p - a potion of mutation {unknown}


   Skills:
 + Level 3.4 Fighting
 + Level 0.1 Polearms
 + Level 3.8 Armour
 + Level 0.3 Dodging
 + Level 3.8 Shields
 + Level 2.6 Unarmed Combat


You had 2 spell levels left.
You didn't know any spells.
Your spell library contained the following spells:

 Spells                   Type           Power      Damage    Failure   Level
 Freezing Cloud           Conj/Ice/Air   0%         6-21      100%        5
 Simulacrum               Ice/Necr       0%         N/A       100%        6
 Polar Vortex             Ice            0%         N/A       100%        9


Dungeon Overview and Level Annotations

Branches:
Dungeon (2/15)

Altars:

Shops:
D:2 *


Innate Abilities, Weirdness & Mutations

You are immune to sickness and miasma.
Your stone body is resilient. (AC +3)
You are immune to poison.
You resist negative energy. (rN+)
You are resistant to electric shocks. (rElec)
You are resistant to unholy torment.
You are immune to petrification.


Message History

The adder bites you but does no damage. The endoplasm freezes you.
You are frozen.
You block the adder's attack.
You hit the adder but do no damage.
The adder is moderately wounded.
You block the endoplasm's attack. The adder closely misses you.
You closely miss the adder.
The adder is moderately wounded.
The adder closely misses you. The endoplasm freezes you.
You are frozen.
* * * LOW HITPOINT WARNING * * *
You closely miss the adder.
The adder is moderately wounded.
The adder closely misses you. The endoplasm freezes you.
You are frozen.
* * * LOW HITPOINT WARNING * * *
The adder bites you but does no damage.
You feel very mighty all of a sudden.
The endoplasm hits you but does no damage.
The adder bites you.
* * * LOW HITPOINT WARNING * * *
You hit the adder.
The adder is severely wounded.
The adder bites you but does no damage. The endoplasm freezes you.
You are frozen.
* * * LOW HITPOINT WARNING * * *
The adder barely misses you. The endoplasm barely misses you.
You closely miss the adder.
The adder is severely wounded.
You block the adder's attack. The endoplasm freezes you.
You are frozen.
* * * LOW HITPOINT WARNING * * *
You closely miss the adder.
The adder is severely wounded.
The adder bites you.
You die...

#...##
#...##..######.
###..# #...###.##
#. ##.## #...#
#..#####.
...####..####...#
##)...##.
#..............#
####....
#..####..###[..#
###.. ..
...###.###...#
#..
.......S##...#
#.. ##.@†.####
#.. # #....##J..#
#.. . ##### ####>
##....# #..
.####...# #
.<....# ###
........#
#..#...... #
.###....#
##.#........ #
........#####
#............###
..##........#
###.............
#.###...###.#
############


You could see an adder and an endoplasm.

Vanquished Creatures
  2 bats (D:2)
  3 endoplasms (D:2)
  A giant cockroach (D:1)
  6 goblins
  6 hobgoblins
  3 jackals (D:1)
  3 quokkas
  5 ball pythons
  A frilled lizard (D:2)
  3 kobolds
  2 rats
35 creatures vanquished.

Notes
Turn   | Place    | Note
-------+----------+-------------------------------------------
     0 | D:1      | KarmaKiller the Gargoyle Fighter began the quest for the
                  | Orb.
     0 | D:1      | Reached XP level 1. HP: 14/14 MP: 1/1
   380 | D:1      | Reached XP level 2. HP: 19/19 MP: 2/2
  1248 | D:2      | Reached XP level 3. HP: 21/23 MP: 3/3
  1414 | D:2      | Found Rymoocs's General Store.
  1417 | D:2      | Bought a scroll of teleportation for 30 gold pieces
  1417 | D:2      | Bought a scroll of identify for 20 gold pieces
  1739 | D:2      | HP: 1/23 [frozen (2)]
  1740 | D:2      | Slain by an adder

Illustrated notes

Levels and vault maps discovered:
D:1:      amcnicky_arrival_flooded_fountain, layout_basic
D:2:      layout_rooms, serial_shops, nicolae_shop_window_shopping

Action                   || total
-------------------------++-------
Melee: Unarmed           ||   130
       Spear             ||    44
  Use: Potion            ||     1
Armor: Scale mail        ||    98
Dodge: Dodged            ||   111
Block: Buckler           ||    42

Table legend: (Time is in decaauts)
 A = Elapsed time spent in this place.
 B = Non-inter-level travel time spent in this place.
 C = Inter-level travel time spent in this place.
 D = Time resting spent in this place.
 E = Time spent auto-exploring this place.
 F = Levels seen in this place.
 G = Mean time per level.
                   A        B        C        D        E       F      G
               +--------+--------+--------+--------+--------+-----+--------+
         Total |   1747 |   1747 |      0 |     84 |      0 |   2 |  873.5 |
       Dungeon |   1747 |   1747 |      0 |     84 |      0 |   2 |  873.5 |
               +--------+--------+--------+--------+--------+-----+--------+

Top non-repeatable levels by time:
     D:1: 1243 daAuts
     D:2: 503 daAuts
